 Dungeon Crawl Stone Soup version 0.13.0-19-g8e0b589 (webtiles) character file.

130 M4edhros the Sneak (level 3, 0/24 HPs)
             Began as an Octopode Artificer on Oct 25, 2013.
             Slain by M4edhros' ghost (8 damage)
             ... on Level 3 of the Dungeon.
             The game lasted 00:01:45 (1599 turns).

M4edhros the Sneak (Octopode Artificer)             Turns: 1599, Time: 00:01:45

HP   0/24        AC  1     Str 10      XL: 3   Next: 85%
MP   4/4         EV 12     Int 15      God:
Gold 78          SH  0     Dex 12      Spells:  0 memorised,  2 levels left

Res.Fire  : . . .   See Invis. : .   i - +0,-1 elf spear (curse)
Res.Cold  : . . .   Warding    : .   (no shield)
Life Prot.: . . .   Conserve   : .   (helmet restricted)
Res.Poison: .       Res.Corr.  : .   (no amulet)
Res.Elec. : .       Clarity    : .   j - ring of wizardry
Sust.Abil.: . .     Spirit.Shd : .   l - ring of flight
Res.Mut.  : .       Stasis     : .   (no ring)
Res.Rott. : .       Flight     : .   (no ring)
Saprovore : . . .                    (no ring)
                                     (no ring)
                                     (no ring)
                                     (no ring)

@: not resistant to hostile enchantments, very stealthy
A: almost no armour, amphibious, 8 rings, constrict 8, camouflage 1, AC +1
a: Evoke Flight


You were on level 3 of the Dungeon.
You were hungry.

You visited 1 branch of the dungeon, and saw 3 of its levels.

You collected 58 gold pieces.

Inventory:

Hand weapons
 a - a +0,+0 short sword
 i - a cursed +0,-1 elven spear (weapon)
Magical devices
 b - a wand of flame (15)
 c - a wand of enslavement (12)
 d - a wand of random effects (9)
Comestibles
 f - 2 bread rations
 h - an apple
 n - a meat ration
 p - a chunk of adder flesh
Scrolls
 k - a scroll of random uselessness {unknown}
 m - a scroll of curse weapon {unknown}
Jewellery
 j - a ring of wizardry (left tentacle)
 l - a ring of flight (right tentacle)
Potions
 e - a potion of speed {unknown}
 g - 2 potions of magic {unknown}


   Skills:
 - Level 1.0 Fighting
 - Level 1.0 Short Blades
 - Level 2.0 Dodging
 + Level 5.1 Stealth
 - Level 3.2 Evocations


You had 2 spell levels left.
You didn't know any spells.

Dungeon Overview and Level Annotations

Branches:
Dungeon (3/27)

Altars:

Annotations:
D:2 Sigmund
D:3 M4edhros' ghost, average OpAr


Innate Abilities, Weirdness & Mutations

You cannot wear most types of armour.
You are amphibious.
You can wear up to eight rings at the same time.
You can use your tentacles to constrict many enemies at once.
Your skin changes colour to match your surroundings (Stlth).
Your rubbery body absorbs attacks (AC +1).


Message History

Evoke which item? (* to show all) (? for menu, Esc to quit)
Zapping:
c - a wand of enslavement (15)
Press: ? - help, Shift-Dir - straight line, f - M4edhros' ghost
Aim: M4edhros' ghost (lightly damaged) M4edhros' ghost easily resists.
This wand has 14 charges left.
M4edhros' ghost barely misses you.
Evoke which item? (* to show all) (? for menu, Esc to quit)
Zapping:
c - a wand of enslavement (14)
Press: ? - help, Shift-Dir - straight line, f/p - M4edhros' ghost
Aim: M4edhros' ghost (lightly damaged) M4edhros' ghost resists with some effort.
This wand has 13 charges left.
The goblin hits you with a club.
M4edhros' ghost hits you but does no damage.
Evoke which item? (* to show all) (? for menu, Esc to quit)
Zapping:
c - a wand of enslavement (13)
Press: ? - help, Shift-Dir - straight line, f/p - M4edhros' ghost
Aim: M4edhros' ghost (lightly damaged) M4edhros' ghost struggles to resist.
This wand has 12 charges left.
The goblin hits you with a club. M4edhros' ghost hits you!
You die...

########+##
#.........# ###
+.........# ....
#.........# .....
#......%..###.......
#.........#@g...S...
#.........#p#....?..
#.........(.# .....
#.........### ....
########.## #.. #.(#
....# .....# .(..#


You could see M4edhros' ghost, an adder and a goblin.

Vanquished Creatures
  An adder (D:2)
  A giant gecko (D:1)
  An ooze (D:1)
  4 giant cockroaches
  8 hobgoblins
  2 kobolds
  3 bats (D:1)
  3 giant newts (D:1)
  7 goblins
  9 rats
39 creatures vanquished.

Vanquished Creatures (collateral kills)
  A hobgoblin (D:2)
1 creature vanquished.

Grand Total: 40 creatures vanquished

Notes
Turn   | Place    | Note
--------------------------------------------------------------
     0 | D:1      | M4edhros, the Octopode Artificer, began the quest for the Orb.
     0 | D:1      | Reached XP level 1. HP: 14/14 MP: 1/1
   294 | D:1      | Reached XP level 2. HP: 9/19 MP: 3/3
   893 | D:1      | Reached skill level 4 in Stealth
   911 | D:1      | Reached XP level 3. HP: 24/24 MP: 4/4
  1238 | D:2      | Noticed Sigmund
  1563 | D:2      | Reached skill level 5 in Stealth
  1592 | D:3      | Noticed M4edhros' ghost (average OpAr)
  1599 | D:3      | Slain by M4edhros' ghost

Action                   || total
-------------------------++-------
Melee: Short sword       ||    45
       Spear             ||    54
Evoke: Wand              ||     9
 Stab: Sleeping          ||    13
